[Event "Polish Youth Ekstraliga 2022"]
[Site "Lublin"]
[Date "2022.06.27"]
[Round "3.19"]
[White "Karolczuk, Iwo"]
[Black "Niedbala, Bartlomiej"]
[Result "0-1"]
[ECO "B23"]
[WhiteElo "2319"]
[BlackElo "2384"]
[Annotator "TA"]
[PlyCount "76"]
[EventDate "2022.06.24"]
[EventType "team-tourn"]
[EventCountry "POL"]
[SourceTitle "playchess.com"]
[Source "ChessBase"]
[SourceQuality "1"]
[TimeControl "40/5400+30:1800+30"]

1. e4 c5 2. Nc3 g6 3. d4 cxd4 4. Qxd4 Nf6 5. Be3 Nc6 6. Qd2 {[%emt 0:00:06] B23: Closed Sicilian: Lines without g3.} Bg7 7. f3 {[%emt 0:00:08] Against Ng4} d6 8. Nge2 {[%emt 0:03:05] White is slightly better.} O-O 9. O-O-O Qa5 10. Kb1 b5 {[%emt 0:03:32][%cal Bb7b5,Bb5b4][%mdl 32] [#]} 11. Bh6 $146 ({Predecessor:} 11. Nc1 b4 12. Nd5 Nxd5 13. exd5 Ne5 14. Bh6 Bxh6 15. Qxh6 Bf5 16. g4 Bd7 17. h4 {1-0 (31) Kadric,D (2564)-Perez Gormaz,M (2400) Belgrade 2021}) 11... b4 12. Nd5 Nxd5 13. Bxg7 Kxg7 14. exd5 Ne5 15. f4 (15. h4 $14) 15... Nd7 16. h4 Nf6 $1 17. h5 Qc5 $2 (17... gxh5 18. Ng3 $16) (17... Bg4 $15 {stays ahead.}) 18. Ng3 (18. hxg6 $16 fxg6 19. Nd4) 18... Bf5 (18... Bg4 $11 19. Be2 Qf2 20. Bxg4 Nxg4) 19. Bd3 $36 {[%emt 0:01:36][%mdl 2048] White has some pressure.} Bxd3 20. Qxd3 Rac8 21. hxg6 hxg6 22. f5 Qc4 $1 23. Qd2 {[%emt 0:01:04] White wants to mate with Qh6+.} Rh8 {[%emt 0:00:30] Against Qh6+. Chess con chili.} 24. fxg6 {[%emt 0:01:49] Nf5+ would kill now.} fxg6 (24... Qg4 $1 $11 {remains equal.} 25. Qe3 Qxg6) 25. Rhe1 $1 $16 Rc7 26. Re2 ({Only move:} 26. Ne2 $1 $16) 26... Qg4 27. Re3 Rhc8 28. Rde1 Kf7 29. Ne4 {Rf3 is the strong threat.} Rxc2 30. Qd4 (30. Nxf6 $11 exf6 31. Re7+ Kg8 32. Qh6 Rxb2+ 33. Kxb2 Qd4+ 34. Kb1 Qd3+ 35. Ka1 Qc3+ 36. Kb1 Qd3+ 37. Ka1 Qc3+ 38. Kb1 Qd3+) 30... Qf4 {[%emt 0:06:40] Black is more active.} (30... Kg7 $1 $17 {White must now prevent ...R8c7.} 31. Nc5 Qxd4 32. Ne6+ Kg8 33. Nxd4 Rd2) 31. Nxd6+ $2 {[%emt 0:04:17][%mdl 8192] Loses the game.} Qxd6 $19 32. Rxe7+ Kg8 {[%emt 0:02:28][%cal Od6e7] ( -> ...Qxe7!)} 33. Rxa7 Qxd5 ({Don't go for} 33... Rxg2 $2 34. Qe3 $19) 34. Qe3 {[%emt 0:00:34] [#] Inhibits Rc1+.} (34. Qxf6 {is a self mate.} Rc1+ $3 35. Rxc1 Qe4+) (34. Qxd5+ $19 Nxd5 35. g3) 34... Ne4 $1 35. Ka1 {[%emt 0:00:22] [#]} (35. Rd7 Nd2+) 35... Qc4 $1 36. Rb1 (36. Qb3 Nd2) 36... Rc1 {[%emt 0:00:27] Black mates.} 37. Qb3 Rxb1+ 38. Kxb1 Nd2+ {[%emt 0:00:06] Weighted Error Value: White=0.75/Black=0.38} 0-1

[Event "Polish Youth Ekstraliga 2022"]
[Site "Lublin"]
[Date "2022.06.27"]
[Round "3.20"]
[White "Redzisz, Michal"]
[Black "Backiel, Hubert"]
[Result "1/2-1/2"]
[ECO "E46"]
[WhiteElo "2236"]
[BlackElo "2045"]
[Annotator "RC"]
[PlyCount "120"]
[EventDate "2022.06.24"]
[EventType "team-tourn"]
[EventCountry "POL"]
[SourceTitle "playchess.com"]
[Source "ChessBase"]
[SourceQuality "1"]
[TimeControl "40/5400+30:1800+30"]

1. d4 Nf6 2. c4 e6 3. Nc3 Bb4 4. e3 O-O 5. Nge2 Re8 6. a3 Bf8 7. Ng3 d5 8. cxd5 exd5 9. Bd3 c5 10. dxc5 Bxc5 11. O-O Nc6 12. Nce2 Ne5 13. Bb5 Bd7 14. Bxd7 Qxd7 15. b4 Bb6 16. Bb2 Rad8 17. Bxe5 Rxe5 18. Nd4 Ne4 19. Nf3 Re6 20. Nd4 Rg6 21. Qd3 Qe7 22. Rac1 Qg5 23. Nf3 Qf6 24. Nxe4 Qxf3 25. Ng3 Qg4 26. Rfd1 Qh4 27. Nf5 Qg5 28. g3 Rf6 29. Ne7+ Kf8 30. Nc8 Qg4 31. Nxb6 axb6 32. Qf1 g6 33. Rd4 Qf5 34. Rcd1 Re6 35. Qg2 Rc6 36. e4 Qf6 37. h4 Rc1 38. Qf1 Qxd4 39. Rxd4 Rxf1+ 40. Kxf1 Ke7 41. exd5 Kd6 42. Ke2 Ke5 43. Ke3 Rxd5 44. Rc4 Rd7 45. a4 f5 46. a5 bxa5 47. bxa5 Re7 48. Rb4 Kd5+ 49. Kf3 Kc6 50. Rb6+ Kc7 51. Rf6 Re5 52. Rf7+ Kc8 53. Rxh7 Rxa5 54. Rh6 Ra6 55. h5 gxh5 56. Rxh5 Ra3+ 57. Kf4 Ra4+ 58. Kf3 Ra3+ 59. Kf4 Ra4+ 60. Kf3 Ra5 1/2-1/2

[Event "Polish Youth Ekstraliga 2022"]
[Site "Lublin"]
[Date "2022.06.27"]
[Round "3.21"]
[White "Ptaszynski, Szymon"]
[Black "Warchol, Kamil"]
[Result "0-1"]
[ECO "A45"]
[WhiteElo "1781"]
[BlackElo "2079"]
[Annotator "RC"]
[PlyCount "90"]
[EventDate "2022.06.24"]
[EventType "team-tourn"]
[EventCountry "POL"]
[SourceTitle "playchess.com"]
[Source "ChessBase"]
[SourceQuality "1"]
[TimeControl "40/5400+30:1800+30"]

1. d4 Nf6 2. Bf4 d5 3. e3 c5 4. Nf3 Nc6 5. h3 Bf5 6. Bd3 Bg6 7. Bxg6 hxg6 8. c3 Qb6 9. Qb3 e6 10. Nbd2 Be7 11. O-O O-O 12. Rfe1 Rac8 13. Rac1 Rfd8 14. Qc2 a6 15. b3 cxd4 16. exd4 Ba3 17. Qd3 Bxc1 18. Rxc1 Qa5 19. Qb1 Qa3 20. Rc2 Qe7 21. Rc1 a5 22. Bg5 b5 23. Qb2 Qa7 24. Ne5 Re8 25. Be3 Qe7 26. Bg5 Qb7 27. Bf4 Nxe5 28. Bxe5 Nd7 29. Nf3 Rc6 30. h4 Rec8 31. Qc2 b4 32. c4 dxc4 33. bxc4 Rxc4 34. Qxc4 Rxc4 35. Rxc4 Nxe5 36. Nxe5 Kh7 37. Nc6 Qb5 38. Rc5 Qa4 39. Nxa5 Qxa2 40. Nc4 Qa1+ 41. Kh2 Qxd4 42. Rc8 Qxh4+ 43. Kg1 Qd4 44. Na5 Qa1+ 45. Kh2 Qxa5 0-1

[Event "Polish Youth Ekstraliga 2022"]
[Site "Lublin"]
[Date "2022.06.27"]
[Round "3.22"]
[White "Krol, Jan"]
[Black "Rekuc, Patryk"]
[Result "1-0"]
[ECO "B54"]
[WhiteElo "1668"]
[BlackElo "1842"]
[Annotator "NA RC"]
[PlyCount "67"]
[EventDate "2022.06.24"]
[EventType "team-tourn"]
[EventCountry "POL"]
[SourceTitle "playchess.com"]
[Source "ChessBase"]
[SourceQuality "1"]
[TimeControl "40/5400+30:1800+30"]

1. e4 c5 2. Nf3 d6 3. d4 cxd4 4. Nxd4 Nf6 5. Bd3 Nc6 6. Ne2 g6 7. Nbc3 Bg7 8. h3 a6 9. Be3 b5 10. a3 Bb7 11. Qd2 h5 (11... O-O $15 {might be stronger.}) 12. f4 Rc8 13. O-O Na5 14. e5 dxe5 15. fxe5 Nd5 (15... Nh7 $1 $14) 16. e6 f5 {[%emt 0:08:16] [#]} 17. Nxd5 $1 Bxd5 18. Nf4 Nc4 19. Bxc4 Bxc4 20. Qf2 Bxf1 $16 (20... Bxb2 $2 21. Rad1 Qa5 22. Nxg6 Bxe6 23. Nxh8 Bxh8 24. Qe2 $18) 21. Qg3 $2 (21. Nxg6 $16 {stays on course.} Qd5 22. Rxf1) 21... Qd6 22. Qxg6+ Kd8 23. Qxg7 Kc7 24. Rxf1 Rhg8 25. Qd4 Qxd4 26. Bxd4 Kd6 27. c3 h4 28. b4 Rg3 29. Bc5+ Ke5 30. Bxe7 Rc4 31. Bxh4 Rg8 32. g3 Rxc3 33. Re1+ Kd6 34. e7 1-0

[Event "Polish Youth Ekstraliga 2022"]
[Site "Lublin"]
[Date "2022.06.27"]
[Round "3.23"]
[White "Marcinczyk, Monika"]
[Black "Adamczyk, Zuzanna"]
[Result "1-0"]
[ECO "B06"]
[WhiteElo "1991"]
[BlackElo "1909"]
[Annotator "NA RC"]
[PlyCount "133"]
[EventDate "2022.06.24"]
[EventType "team-tourn"]
[EventCountry "POL"]
[SourceTitle "playchess.com"]
[Source "ChessBase"]
[SourceQuality "1"]
[TimeControl "40/5400+30:1800+30"]

1. e4 g6 2. d4 Bg7 3. Nc3 d6 4. Be3 a6 5. a4 b6 6. Bc4 e6 {[%emt 0:05:07] 6...Bb7 is vanishing.} 7. Nge2 Bb7 8. Bb3 Nd7 9. O-O Ne7 {[%emt 0:07:16] [#]} 10. Nf4 $146 ({Predecessor:} 10. f4 d5 11. e5 Nf5 12. Bf2 h5 13. Ng3 Nh6 14. Qd2 c5 15. Nd1 cxd4 16. Bxd4 {1-0 (47) Amberger,D (2058)-Koller,H (2168) Austria 2019}) 10... e5 11. dxe5 dxe5 12. Nfd5 Nxd5 13. exd5 O-O 14. Ne4 h6 15. f3 Nf6 16. c4 Kh7 17. Qc2 Ne8 18. a5 f5 19. Nc3 Nd6 20. axb6 cxb6 21. Ba2 Rb8 22. Rac1 Qc7 23. Na4 b5 24. Nc5 Qa5 25. b3 Rfc8 26. Nxb7 Nxb7 27. Qf2 $2 ({White should try} 27. c5 $18) 27... bxc4 28. bxc4 Nc5 29. Bb1 Nb3 30. Rc2 Nd4 31. Rcc1 Nb3 32. Rc2 Nd4 33. Ra2 Qb6 34. Bd3 Qb3 35. Qd2 Qb6 36. Rb1 Qd6 37. Rxb8 Rxb8 38. f4 e4 39. Bf1 Nb3 40. Qf2 Rc8 41. Qc2 Nc5 (41... Rb8 $11 {feels stronger.}) 42. Ra5 Nb7 43. Ra2 Nc5 44. Qd2 Nb3 45. Qd1 Rb8 46. g4 g5 $2 (46... fxg4 $1 $11 47. Kh1 (47. Qxg4 Nd4 $15) 47... a5) 47. Rf2 fxg4 48. Bg2 Nc5 49. fxg5 hxg5 50. Bxc5 Qxc5 51. Bxe4+ Kg8 52. Qxg4 Re8 53. Kg2 Qd4 54. Bh7+ Kh8 55. Qh5 $18 Qh4 56. Qxe8+ Kxh7 57. Qe2 g4 58. Qd3+ Kh8 59. Re2 Qh5 60. Qe3 Qf5 61. Qe8+ Kh7 62. Qe4 Kg6 63. d6 Bf6 64. d7 a5 65. Qxf5+ Kxf5 66. Re8 a4 67. d8=Q 1-0

[Event "Polish Youth Ekstraliga 2022"]
[Site "Lublin"]
[Date "2022.06.27"]
[Round "3.24"]
[White "Gaszka, Zuzanna"]
[Black "Szczotka, Klara"]
[Result "0-1"]
[ECO "B17"]
[WhiteElo "1621"]
[BlackElo "1863"]
[Annotator "NA RC"]
[PlyCount "94"]
[EventDate "2022.06.24"]
[EventType "team-tourn"]
[EventCountry "POL"]
[SourceTitle "playchess.com"]
[Source "ChessBase"]
[SourceQuality "1"]
[TimeControl "40/5400+30:1800+30"]

1. e4 c6 2. d4 d5 3. Nc3 dxe4 4. Nxe4 Nd7 5. Ng5 Ngf6 6. Bd3 e6 7. N1f3 Be7 8. Qe2 h6 9. Ne4 Nxe4 10. Qxe4 Nf6 11. Qe2 (11. Qh4 $16) 11... Qc7 12. Bd2 b6 13. Ne5 Bb7 14. f4 Rd8 15. c3 c5 16. Bb5+ Kf8 17. Be3 Nd5 18. Bd2 ({Wrong is} 18. Qh5 $2 g6 19. Qf3 Nxe3 20. Qxe3 Bxg2 $19) 18... Bh4+ 19. Kf1 (19. g3 $15 Bf6 20. O-O) 19... h5 20. dxc5 bxc5 21. Bd3 {[#]} Bf6 (21... Rh6 $142 $1 22. g3 Bf6) 22. Re1 h4 23. h3 (23. Rg1 $142) 23... Ne7 24. c4 Bxe5 25. fxe5 Qd7 26. Ba5 Qxd3 27. Bxd8 Qxd8 28. Rd1 Qc7 29. Kf2 Nf5 30. Rhe1 g6 31. Qd2 Rh5 32. Qd8+ Qxd8 33. Rxd8+ Ke7 34. Rb8 Bc6 35. Rc8 Nd4 36. Rc7+ Kf8 37. b4 Rf5+ 38. Kg1 Rg5 39. b5 Bxg2 40. Kf2 Bxh3 41. Rh1 Rg2+ 42. Ke1 Nf3+ 43. Kd1 Bg4 44. Kc1 h3 45. Rxa7 $19 Nxe5 46. b6 Nd3+ 47. Kb1 Rb2+ 0-1

[Event "Polish Youth Ekstraliga 2022"]
[Site "Lublin"]
[Date "2022.06.27"]
[Round "3.25"]
[White "Czernek, Tymon"]
[Black "Ciborowski, Konrad Jr"]
[Result "1-0"]
[ECO "B90"]
[WhiteElo "2199"]
[BlackElo "1927"]
[Annotator "RC"]
[PlyCount "123"]
[EventDate "2022.06.24"]
[EventType "team-tourn"]
[EventCountry "POL"]
[SourceTitle "playchess.com"]
[Source "ChessBase"]
[SourceQuality "1"]
[TimeControl "40/5400+30:1800+30"]

1. e4 c5 2. Nf3 d6 3. d4 cxd4 4. Nxd4 Nf6 5. Nc3 a6 6. Bc4 e6 7. O-O b5 8. Bb3 Be7 9. Qf3 Qb6 10. Be3 Qb7 11. Qg3 b4 12. Na4 Nbd7 13. f3 O-O 14. Rad1 Ne5 15. Nb6 Rb8 16. Nxc8 Qxc8 17. Rfe1 a5 18. a4 bxa3 19. bxa3 Nc4 20. Bc1 Qc5 21. a4 Rfc8 22. Qf2 Bf8 23. h3 h6 24. g4 e5 25. Nf5 d5 26. exd5 Nxd5 27. Qxc5 Bxc5+ 28. Kf1 Ndb6 29. Re4 Bf8 30. Ke2 Rc5 31. g5 hxg5 32. Bxg5 g6 33. Ne3 Rbc8 34. Bf6 Bg7 35. Rd8+ Rxd8 36. Bxd8 Rc8 37. Nxc4 Nxc4 38. Rxc4 Rxd8 39. Rc7 Kh7 40. Bxf7 Bf8 41. c3 Kg7 42. Ra7 Kf6 43. Bc4 Bh6 44. Bd3 Bf4 45. Ra6+ Kf7 46. Bxg6+ Ke7 47. Bd3 Rb8 48. Be4 Rd8 49. Rxa5 Rd2+ 50. Ke1 Rh2 51. Ra7+ Kd6 52. Ra6+ Ke7 53. Rc6 Rxh3 54. Ke2 Rh2+ 55. Kd3 Ra2 56. Ra6 Kd7 57. c4 Ra3+ 58. Kc2 Be3 59. Kb2 Bc5 60. Ra5 Bf8 61. Ra7+ Ke6 62. Bd5+ 1-0

[Event "Polish Youth Ekstraliga 2022"]
[Site "Lublin"]
[Date "2022.06.27"]
[Round "3.26"]
[White "Wydmanski, Szymon"]
[Black "Chyzy, Jakub"]
[Result "0-1"]
[ECO "A05"]
[WhiteElo "1815"]
[BlackElo "2191"]
[Annotator "RC"]
[PlyCount "102"]
[EventDate "2022.06.24"]
[EventType "team-tourn"]
[EventCountry "POL"]
[SourceTitle "playchess.com"]
[Source "ChessBase"]
[SourceQuality "1"]
[TimeControl "40/5400+30:1800+30"]

1. Nf3 Nf6 2. e3 d5 3. b3 g6 4. Bb2 Bg7 5. c4 c6 6. Be2 O-O 7. O-O b6 8. d4 Ne4 9. Nbd2 Bb7 10. Qc2 Nxd2 11. Qxd2 Nd7 12. Rac1 Nf6 13. cxd5 cxd5 14. Ne5 Ne4 15. Qb4 a5 16. Qa4 Nd6 17. Qd7 Bxe5 18. Qxd8 Bxh2+ 19. Kxh2 Rfxd8 20. Rc7 Kf8 21. Ba3 Ba6 22. Bxa6 Rxa6 23. Rfc1 a4 24. Bxd6 Rxd6 25. Rb7 axb3 26. axb3 Ra2 27. Rcc7 Rf6 28. Rxe7 Rfxf2 29. Kh3 Rab2 30. Red7 Rxb3 31. Rxd5 Rxe3+ 32. Kh2 Ree2 33. Rg5 Rd2 34. Kg1 Rf4 35. Rxb6 Rd1+ 36. Kh2 Rh4+ 37. Kg3 Rhxd4 38. Rb7 Rd5 39. Rxd5 Rxd5 40. Kf3 h5 41. Ra7 Kg7 42. Rb7 g5 43. Ra7 Kg6 44. Ra6+ Kf5 45. Rh6 g4+ 46. Kg3 Kg5 47. Rh8 h4+ 48. Kh2 Rd1 49. Rg8+ Kf4 50. g3+ hxg3+ 51. Kg2 Rd2+ 0-1

[Event "Polish Youth Ekstraliga 2022"]
[Site "Lublin"]
[Date "2022.06.27"]
[Round "3.27"]
[White "Krawczyk, Flawian"]
[Black "Wolak, Maciej"]
[Result "1-0"]
[ECO "A59"]
[WhiteElo "2212"]
[BlackElo "1316"]
[Annotator "RC"]
[PlyCount "67"]
[EventDate "2022.06.24"]
[EventType "team-tourn"]
[EventCountry "POL"]
[SourceTitle "playchess.com"]
[Source "ChessBase"]
[SourceQuality "1"]
[TimeControl "40/5400+30:1800+30"]

1. d4 Nf6 2. c4 c5 3. d5 b5 4. cxb5 a6 5. bxa6 Bxa6 6. Nc3 d6 7. e4 Bxf1 8. Kxf1 g6 9. Nf3 Nbd7 10. g3 Bg7 11. Kg2 O-O 12. Re1 Qa5 13. Nd2 Rfb8 14. a4 Ne8 15. Ra3 Nc7 16. Qc2 Na6 17. Nb5 Nb4 18. Qb1 Rc8 19. Nc4 Qa6 20. b3 Ne5 21. Rd1 Nxc4 22. bxc4 Qb7 23. Bb2 Bxb2 24. Qxb2 Ra5 25. e5 Qd7 26. exd6 exd6 27. Qf6 Ra6 28. Re1 Rf8 29. Re7 Qf5 30. Qxf5 gxf5 31. Rd7 Rfa8 32. Nxd6 Rxa4 33. Rxa4 Rxa4 34. Nxf5 1-0

[Event "Polish Youth Ekstraliga 2022"]
[Site "Lublin"]
[Date "2022.06.27"]
[Round "3.28"]
[White "Kania, Franciszek"]
[Black "Sowinski, Pawel"]
[Result "0-1"]
[ECO "A05"]
[WhiteElo "1523"]
[BlackElo "2060"]
[Annotator "RC"]
[PlyCount "86"]
[EventDate "2022.06.24"]
[EventType "team-tourn"]
[EventCountry "POL"]
[SourceTitle "playchess.com"]
[Source "ChessBase"]
[SourceQuality "1"]
[TimeControl "40/5400+30:1800+30"]

1. Nf3 Nf6 2. e3 g6 3. b4 Bg7 4. Bb2 O-O 5. Be2 a5 6. b5 b6 7. a4 d6 8. O-O Bb7 9. c4 Nbd7 10. d4 e6 11. Qb3 Qe7 12. Nc3 h6 13. Rfe1 Ne4 14. Nxe4 Bxe4 15. Nd2 Bb7 16. Bf3 Bxf3 17. Nxf3 g5 18. Rac1 e5 19. Ba3 g4 20. Nd2 Qg5 21. c5 exd4 22. cxd6 cxd6 23. Bxd6 Rfe8 24. Bf4 Qf5 25. Bd6 Re6 26. e4 Qg5 27. f4 gxf3 28. Nxf3 Qh5 29. Ba3 Rae8 30. Rc7 Ne5 31. Nxd4 Ng4 32. Nf3 Be5 33. Rd7 Bxh2+ 34. Kf1 Bg3 35. Rc1 Qh1+ 36. Ng1 Rf6+ 37. Ke2 Qxg2+ 38. Kd3 Qxe4+ 39. Kc3 Be5+ 40. Kd2 Rf2+ 41. Kd1 Qe1+ 42. Kxe1 Bc3+ 43. Kd1 Re1# 0-1

[Event "Polish Youth Ekstraliga 2022"]
[Site "Lublin"]
[Date "2022.06.27"]
[Round "3.29"]
[White "Wikar, Martyna"]
[Black "Dylag, Emilia"]
[Result "1-0"]
[ECO "C75"]
[WhiteElo "2197"]
[BlackElo "2022"]
[Annotator "RC"]
[PlyCount "67"]
[EventDate "2022.06.24"]
[EventType "team-tourn"]
[EventCountry "POL"]
[SourceTitle "playchess.com"]
[Source "ChessBase"]
[SourceQuality "1"]
[TimeControl "40/5400+30:1800+30"]

1. e4 e5 2. Nf3 Nc6 3. Bb5 a6 4. Ba4 d6 5. c3 Bd7 6. O-O Nf6 7. Re1 g6 8. d4 Qe7 9. Nbd2 b5 10. Bc2 Bg7 11. Nf1 O-O 12. Ne3 Rae8 13. d5 Nd8 14. a4 Ng4 15. axb5 axb5 16. Ra7 Nxe3 17. Bxe3 f5 18. Bg5 Bf6 19. Rxc7 Bxg5 20. Nxg5 Qxg5 21. Rxd7 Rf6 22. exf5 gxf5 23. Re3 Rg6 24. Rg3 Qf4 25. Rxd6 Qxg3 26. hxg3 Rxd6 27. Bxf5 Re7 28. Qg4+ Rg7 29. Qh5 Rf7 30. Be4 Re7 31. b3 Nb7 32. Qg4+ Kf8 33. c4 bxc4 34. bxc4 1-0

[Event "Polish Youth Ekstraliga 2022"]
[Site "Lublin"]
[Date "2022.06.27"]
[Round "3.30"]
[White "Bandyk, Joanna"]
[Black "Natoli, Alessia"]
[Result "0-1"]
[ECO "B10"]
[WhiteElo "1360"]
[BlackElo "1680"]
[Annotator "NA RC"]
[PlyCount "112"]
[EventDate "2022.06.24"]
[EventType "team-tourn"]
[EventCountry "POL"]
[SourceTitle "playchess.com"]
[Source "ChessBase"]
[SourceQuality "1"]
[TimeControl "40/5400+30:1800+30"]

1. e4 c6 2. Nf3 d5 3. Nc3 dxe4 4. Nxe4 Nd7 5. d4 Ngf6 6. Nxf6+ Nxf6 7. Bd3 e6 8. O-O c5 9. Be3 Qc7 10. Qd2 Bd7 11. Bf4 Bd6 12. Bxd6 Qxd6 13. dxc5 Qxc5 14. Rad1 Bc6 15. b4 Qb6 16. Ne5 O-O 17. Nxc6 Qxc6 18. c4 Rfd8 19. Qe3 Qa4 20. a3 g6 21. Be2 Rd7 22. Qf3 Ne8 23. Rxd7 Qxd7 24. Rd1 Qe7 25. Qd3 Nf6 26. Bf3 Re8 27. g3 e5 28. Qd6 Kg7 29. c5 e4 30. Qxe7 Rxe7 31. Be2 Nd7 32. Kg2 f5 33. Re1 Ne5 34. Bb5 a6 35. Ba4 Nc4 36. Rd1 Nxa3 37. Rd7 Rxd7 38. Bxd7 Nc2 39. Bc8 Nxb4 40. Bxb7 a5 41. f3 exf3+ 42. Bxf3 Kf6 43. Be2 Ke5 44. Bc4 a4 45. Bg8 h6 46. Kf3 a3 47. g4 a2 48. Bxa2 Nxa2 49. c6 fxg4+ 50. Kxg4 Kd6 51. Kf4 Nb4 52. c7 Nd5+ 53. Kg4 Nxc7 54. h4 Ke5 55. Kg3 Kf5 56. Kh3 Ke5 0-1

[Event "Polish Youth Ekstraliga 2022"]
[Site "Lublin"]
[Date "2022.06.28"]
[Round "4.1"]
[White "Czopor, Maciej"]
[Black "Ciborowski, Konrad Jr"]
[Result "1-0"]
[ECO "A04"]
[WhiteElo "2425"]
[BlackElo "1927"]
[Annotator "TA"]
[PlyCount "25"]
[EventDate "2022.06.24"]
[EventType "team-tourn"]
[EventCountry "POL"]
[SourceTitle "playchess.com"]
[Source "ChessBase"]
[SourceQuality "1"]
[TimeControl "40/5400+30:1800+30"]

1. Nf3 f5 2. d3 Nc6 3. d4 e6 4. g3 Nf6 5. Bg2 d6 6. c4 {[%emt 0:00:11] A04: Unusual lines after 1 Nf3 and King's Indian Attack.} g6 7. d5 {[%emt 0:00:29] [#]} Ne7 $146 ({Predecessor:} 7... Ne5 8. Nd4 exd5 9. cxd5 Qe7 10. Qa4+ Bd7 11. Qb3 Rb8 12. Nc6 Nxc6 13. dxc6 Be6 {1-0 (41) Steingrimsson,H (2548)-Escalante Ramirez,B (2423) Saint Louis 2019}) 8. dxe6 {[%emt 0:05:36] White is slightly better.} Nc6 $2 {[%emt 0:01:19] [#]} (8... Bxe6 $14 9. Nc3 Bg7) 9. Ng5 $18 {[%emt 0:12:25] Black must now prevent Nc3.} Rg8 $2 (9... Bg7 10. Nf7 Qe7) 10. Qa4 Ke7 11. Nc3 Bxe6 12. Nxe6 Kxe6 13. Bd5+ {[%emt 0:00:55] Black got outplayed after the opening.  Weighted Error Value: White=0.10 (very precise) /Black=0.78} 1-0

[Event "Polish Youth Ekstraliga 2022"]
[Site "Lublin"]
[Date "2022.06.28"]
[Round "4.2"]
[White "Wydmanski, Szymon"]
[Black "Luberanski, Jakub"]
[Result "0-1"]
[ECO "A06"]
[WhiteElo "1815"]
[BlackElo "2241"]
[Annotator "RC"]
[PlyCount "71"]
[EventDate "2022.06.24"]
[EventType "team-tourn"]
[EventCountry "POL"]
[SourceTitle "playchess.com"]
[Source "ChessBase"]
[SourceQuality "1"]
[TimeControl "40/5400+30:1800+30"]

1. Nf3 d5 2. e3 Nf6 3. c4 c6 4. b3 Bg4 5. Be2 e6 6. Bb2 Nbd7 7. d4 Be7 8. Nbd2 O-O 9. O-O a5 10. a3 Qb8 11. Ne5 Bxe2 12. Qxe2 Nxe5 13. dxe5 Nd7 14. f4 dxc4 15. Qxc4 Qa7 16. Rf3 Qc5 17. Ne4 Qxc4 18. bxc4 Rfd8 19. Bd4 c5 20. Bc3 Nb6 21. Rb1 Nxc4 22. Rxb7 Kf8 23. Ng5 Rab8 24. Nxh7+ Ke8 25. Rxb8 Rxb8 26. e4 a4 27. f5 Rb3 28. f6 gxf6 29. Nxf6+ Bxf6 30. exf6 Nxa3 31. h4 Kf8 32. Rd3 Kg8 33. Rd8+ Kh7 34. Bd2 Nc4 35. Bg5 Kg6 36. h5+ 0-1

[Event "Polish Youth Ekstraliga 2022"]
[Site "Lublin"]
[Date "2022.06.28"]
[Round "4.3"]
[White "Jaworski, Tymon"]
[Black "Wolak, Maciej"]
[Result "1/2-1/2"]
[ECO "D45"]
[WhiteElo "1628"]
[BlackElo "1316"]
[Annotator "NA RC"]
[PlyCount "100"]
[EventDate "2022.06.24"]
[EventType "team-tourn"]
[EventCountry "POL"]
[SourceTitle "playchess.com"]
[Source "ChessBase"]
[SourceQuality "1"]
[TimeControl "40/5400+30:1800+30"]

1. d4 d5 2. c4 c6 3. Nc3 Nf6 4. e3 e6 5. Nf3 Bd6 6. Bd3 O-O 7. O-O Qe7 8. b3 Nbd7 9. cxd5 exd5 10. Qc2 Re8 11. a3 Ne4 12. b4 Ndf6 13. h3 Nxc3 14. Qxc3 Ne4 15. Qc2 Bf5 16. Bb2 f6 17. Nd2 Qd7 18. Nxe4 Bxe4 19. Bxe4 Rxe4 20. Qe2 Rae8 21. Rae1 f5 22. Bc1 Be7 23. Bd2 Bf6 24. Qd3 R4e7 25. a4 a6 26. Rb1 b5 27. axb5 axb5 28. Ra1 g6 29. Ra6 Qe6 30. f4 Rc8 31. Rc1 Kf7 32. Qc2 Rec7 33. Rca1 Ke7 34. Ra7 Kd7 35. R7a6 Ke7 36. Rb6 Kd7 37. Qd3 Ke7 38. Raa6 Qd7 39. Qc2 Kf7 40. Kh2 Kg7 41. Be1 Qe8 42. Bd2 Kf7 43. Kg1 Ke7 44. Kf2 Kd7 45. Kg1 Bg7 46. Kh2 Qe7 47. Qa2 Bf8 48. Ra8 Qd8 49. Ra7 Qe8 50. Qa6 Qd8 1/2-1/2

[Event "Polish Youth Ekstraliga 2022"]
[Site "Lublin"]
[Date "2022.06.28"]
[Round "4.4"]
[White "Kania, Franciszek"]
[Black "Ochedzan, Filip"]
[Result "1/2-1/2"]
[ECO "A06"]
[WhiteElo "1523"]
[BlackElo "1873"]
[Annotator "NA RC"]
[PlyCount "108"]
[EventDate "2022.06.24"]
[EventType "team-tourn"]
[EventCountry "POL"]
[SourceTitle "playchess.com"]
[Source "ChessBase"]
[SourceQuality "1"]
[TimeControl "40/5400+30:1800+30"]

1. Nf3 d5 2. e3 Nf6 3. c4 dxc4 4. Bxc4 e6 5. O-O c5 6. b3 a6 {[%emt 0:02:20] has lost popularity (6...Nc6).} 7. a4 Nc6 8. d4 cxd4 9. exd4 Be7 10. Bb2 Nb4 11. Ne5 {[%emt 0:02:38] [#]} Nbd5 $146 ({Predecessor:} 11... O-O 12. Nc3 b6 13. Qf3 Qc7 14. Rac1 Bb7 15. Qg3 Qd6 16. Rcd1 Nbd5 17. Rfe1 Rac8 18. Ne4 Nxe4 19. Rxe4 Nf6 20. Ree1 {0-1 (45) Piscopo,P-Nironi,A Italy 1998}) 12. Qe2 O-O 13. Nd2 Bd7 14. f4 Rb8 15. Nxd7 (15. Ne4 $11) 15... Qxd7 16. Rad1 b5 17. axb5 axb5 18. Bd3 Bd6 19. g3 Nb4 (19... g6 $15) 20. Bb1 Be7 (20... g6 $142) 21. d5 (21. f5 $11 {keeps the balance.}) 21... exd5 $15 ({Black should try} 21... Qa7+ $17 22. Kh1 Nbxd5) 22. Nf3 Bc5+ 23. Kg2 Qe6 24. Be5 Rb7 25. Qb2 h6 26. Rde1 Qb6 27. Nh4 Ne8 28. Nf5 f6 29. Bc3 Rbf7 30. Nh4 Nd6 31. Ng6 Re8 32. Rxe8+ Nxe8 33. Re1 Nc7 34. Qd2 Qd6 35. Bd4 Nc6 36. Bxc5 Qxc5 37. Qe2 Qd6 38. Bd3 d4 39. Qf3 f5 40. Rc1 Ne7 41. Ne5 Rf8 42. Kg1 Rd8 43. Qb7 Ncd5 44. Bxf5 Ne3 45. Be4 Rb8 46. Qa7 Rf8 47. Rc7 Qb4 48. Nf3 Qxb3 49. Qxd4 N7f5 50. Qd2 Qe6 51. Ne5 Qb6 52. Rb7 Qd4 53. Qxd4 Nxd4 54. Bd3 Rc8 1/2-1/2

[Event "Polish Youth Ekstraliga 2022"]
[Site "Lublin"]
[Date "2022.06.28"]
[Round "4.5"]
[White "Lochina, Justyna"]
[Black "Dylag, Emilia"]
[Result "0-1"]
[ECO "B87"]
[WhiteElo "1672"]
[BlackElo "2022"]
[Annotator "NA RC"]
[PlyCount "82"]
[EventDate "2022.06.24"]
[EventType "team-tourn"]
[EventCountry "POL"]
[SourceTitle "playchess.com"]
[Source "ChessBase"]
[SourceQuality "1"]
[TimeControl "40/5400+30:1800+30"]

1. e4 c5 2. Nf3 d6 3. d4 cxd4 4. Nxd4 Nf6 5. Nc3 a6 6. Bc4 e6 7. Bb3 b5 8. O-O Be7 9. f4 O-O 10. f5 b4 11. Na4 e5 12. Ne2 Bb7 13. Ng3 Nbd7 ({Of course not} 13... Nxe4 14. Nxe4 Bxe4 15. Qg4 $11) 14. Re1 Bc6 15. c3 a5 16. Bg5 h6 17. Bxf6 Nxf6 18. Rc1 Rc8 19. Nh5 Nxh5 ({Inferior is} 19... Nxe4 20. cxb4 Bxa4 21. Rxe4 Rxc1 22. Qxc1 Bxb3 23. axb3 $19) 20. Qxh5 Bg5 21. Rb1 ({White should play} 21. Ra1) 21... Qd7 22. Qd1 $1 Qa7+ 23. Kh1 Qf2 (23... Bh4 $5 24. g3 Bf6 $15) 24. Qe2 Qxe2 25. Rxe2 Bb5 $15 26. Ree1 Rc6 27. Rbd1 Rb8 28. Rd5 Kf8 29. g3 h5 30. Kg2 Ke7 31. Red1 g6 32. fxg6 fxg6 33. c4 Bxc4 34. Bxc4 Rxc4 35. h4 Be3 36. Rxd6 Bd4 37. Rxg6 b3 38. axb3 Rxb3 39. Rxd4 exd4 40. Nb6 Rc2+ 41. Kg1 Kf7 0-1